 Dungeon Crawl Stone Soup version 0.17.0-28-g6e173f8 (console) character file.

1463 Cab the Destroyer (level 8, 0/41 HPs)
             Began as a Deep Elf Conjurer on Nov 28, 2015.
             Succumbed to a gnoll sergeant's poison
             ... on level 7 of the Dungeon.
             The game lasted 00:37:57 (5642 turns).

Cab the Destroyer (Deep Elf Conjurer)               Turns: 5642, Time: 00:37:57

Health: 0/41       AC:  4    Str:  5    XL:     8   Next: 48%
Magic:  10/21      EV: 13    Int: 23    God:
Gold:   328        SH:  0    Dex: 15    Spells: 3 memorised, 12 levels left

rFire  x . .     SeeInvis .     m - +0 dagger (venom)
rCold  + . .     Clarity  .     a - +1 robe
rNeg   . . .     SustAt   .     (no shield)
rPois  .         Gourm    .     (no helmet)
rElec  .         Spirit   .     (no cloak)
rCorr  .         Warding  .     k - +0 pair of gloves
rMut   .         Stasis   .     (no boots)
MR     .....                    w - amulet of faith
Stlth  ++........               (no ring)
                                v - ring of ice

@: lethally poisoned (0 -> -5), exhausted, slowed, very slow, not resistant to
hostile enchantments, unstealthy
A: no striking features
a: no special abilities


You were on level 7 of the Dungeon.
You were not hungry.

You visited 2 branches of the dungeon, and saw 8 of its levels.
You also visited: Sewer.

You collected 328 gold pieces.

Inventory:

Hand Weapons
 m - a +0 dagger of venom (weapon)
Armour
 a - a +1 robe (worn)
 k - a +0 pair of gloves (worn)
Jewellery
 o - an uncursed amulet of resist corrosion
 v - a ring of ice (left hand)
 w - an amulet of faith (around neck)
Wands
 q - a wand of disintegration (11)
 x - a wand of slowing (24)
Scrolls
 d - a scroll of summoning {unknown}
 e - a scroll of blinking {unknown}
 g - 4 scrolls of teleportation
 h - 3 scrolls of remove curse {unknown}
 i - a scroll of amnesia
 l - 4 scrolls of magic mapping
 r - 6 scrolls of identify
Potions
 f - a potion of lignification
 p - 4 potions of flight
 s - a potion of brilliance
Books
 b - a book of Conjurations

   Spells                             Type                      Level
   a - Magic Dart                     Conjuration                  1
   b - Searing Ray                    Conjuration                  2
   c - Dazzling Spray                 Conjuration/Hexes            3
   d - Fulminant Prism                Conjuration/Hexes            4
   e - Iskenderun's Mystic Blast      Conjuration                  4
   f - Iskenderun's Battlesphere      Conjuration/Charms           5
 j - a book of Fire

   Spells                             Type                      Level
   a - Ignite Poison                  Fire/Transmutation/Poison    3
   b - Fireball                       Conjuration/Fire             5
   c - Bolt of Fire                   Conjuration/Fire             6
   d - Delayed Fireball               Conjuration/Fire             7
   e - Ring of Flames                 Charms/Fire                  7
Comestibles
 c - 6 bread rations
 t - 4 meat rations


   Skills:
 + Level 0.6 Short Blades
 - Level 2.4 Dodging
 - Level 2.4 Stealth
 + Level 7.8 Spellcasting
 * Level 10.2 Conjurations
 * Level 3.9 Charms


You had 12 spell levels left.
You knew the following spells:

 Your Spells              Type           Power        Failure   Level  Hunger
a - Magic Dart            Conj           ####         1%          1    None
b - Iskenderun's Mystic   Conj           ######..     1%          4    ###....
c - Iskenderun's Battles  Conj/Chrm      #####...     12%         5    #####..


Dungeon Overview and Level Annotations

Branches:
Dungeon (7/15)             Temple (1/1) D:6

Altars:
Ashenzari
Dithmenos
Elyvilon
Fedhas
Gozag
Makhleb
Nemelex Xobeh
Okawaru
Qazlal
Ru
Trog
Xom
Yredelemnul
Zin
The Shining One
Lugonu


Message History

You continue eating.
You finish eating.
That bread ration really hit the spot!
Drink which item? (? for menu, Esc to quit)
A red film seems to cover your vision as you go berserk!
You feel yourself moving faster!
You feel mighty!
* * * LOW HITPOINT WARNING * * *
You feel sick.
You are too berserk!
You are too berserk!
You are too berserk!
You are too berserk!
You are too berserk!
You feel a strong urge to attack something.
* * * LOW HITPOINT WARNING * * *
You feel sick.
You feel your anger subside.
You are no longer berserk.
You are exhausted.
You feel yourself slow down.
You die...

∙
▒∙▒▒▒▒▒■▒▒▒▒▒▒▒
▒∙∙∙∙∙∙∙∙∙∙∙∙∙∙
▒∙∙∙)∙∙∙∙∙∙∙∙∙
▒∙∙∙∙(∙∙%∙∙∙∙∙
▒∙∙∙∙∙@∙∙∙∙∙∙∙
▒∙∙∙∙∙∙∙∙∙∙∙∙∙
▒∙∙∙∙∙∙∙∙∙∙∙∙∙
▒▒▒■▒▒∙▒▒▒▒▒▒▒
▒∙▒ ▒∙▒ ∙∙▒ ∙∙▒


There were no monsters in sight!

Vanquished Creatures
  Pikel (D:4)
  A phantom (D:6)
  An ogre (D:6)
  A centaur (D:6)
  A water moccasin zombie (D:6)
  A scorpion (D:5)
  A crimson imp (D:6)
  A giant frog zombie (D:5)
  2 orc priests
  2 hounds
  An iguana (D:5)
  A jelly (D:5)
  3 worker ants
  Terence (D:2)
  A merfolk avatar (Sewer)
  A siren (Sewer)
  8 adders
  2 river rats (Sewer)
  A gnoll (D:6)
  A shadow imp (D:5)
  An ooze (D:1)
  3 worms
  5 giant geckos
  16 orcs
  7 ball pythons
  8 bats
  8 goblins
  11 hobgoblins
  5 jackals
  10 kobolds
  3 quokkas
  14 giant cockroaches
  A giant gecko skeleton (D:4)
  7 giant newts
  30 rats
161 creatures vanquished.

Vanquished Creatures (others)
  A slave (D:4)
  A giant gecko (D:4)
  An orc (D:4)
3 creatures vanquished.

Grand Total: 164 creatures vanquished

Notes
Turn   | Place    | Note
--------------------------------------------------------------
     0 | D:1      | Cab the Deep Elf Conjurer began the quest for the Orb.
     0 | D:1      | Reached XP level 1. HP: 10/10 MP: 6/6
    86 | D:1      | Reached XP level 2. HP: 15/15 MP: 6/8
   174 | D:1      | Reached skill level 5 in Conjurations
   705 | D:2      | Reached XP level 3. HP: 15/19 MP: 9/9
   720 | D:2      | Noticed Terence
   734 | D:2      | Killed Terence
  1095 | D:2      | Reached XP level 4. HP: 18/24 MP: 4/11
  1177 | D:2      | Reached skill level 6 in Conjurations
  1191 | D:2      | Learned a level 4 spell: Iskenderun's Mystic Blast
  1818 | D:3      | Found a shattered altar of Ashenzari.
  2003 | D:3      | Found a white marble altar of Elyvilon.
  2048 | D:3      | Found a shadowy altar of Dithmenos.
  2144 | D:3      | Reached XP level 5. HP: 21/28 MP: 3/13
  2465 | D:4      | Reached skill level 7 in Conjurations
  2483 | D:4      | Found a glowing golden altar of the Shining One.
  2486 | D:4      | Found a blossoming altar of Fedhas.
  2801 | D:4      | Noticed a slave
  2836 | D:4      | Noticed Pikel
  2837 | D:4      | Noticed a slave
  2845 | D:4      | Noticed a slave
  2846 | D:4      | Noticed a slave
  2871 | D:4      | Killed Pikel
  2871 | D:4      | Reached skill level 5 in Spellcasting
  2871 | D:4      | Reached skill level 8 in Conjurations
  2871 | D:4      | Reached XP level 6. HP: 10/32 MP: 3/16
  2871 | D:4      | Reached XP level 7. HP: 11/36 MP: 3/17
  3117 | D:4      | Learned a level 5 spell: Iskenderun's Battlesphere
  3119 | D:4      | Killed a freed slave
  3340 | D:4      | Reached skill level 9 in Conjurations
  3400 | D:5      | Entered Level 5 of the Dungeon
  3407 | D:5      | Reached skill level 1 in Charms
  3510 | D:5      | Found an iron altar of Okawaru.
  3662 | D:6      | Found a glowing drain.
  3704 | Sewer    | Entered a sewer
  4001 | Sewer    | Noticed a drowned soul
  4002 | Sewer    | Noticed a drowned soul
  4004 | Sewer    | Noticed a drowned soul
  4005 | Sewer    | Noticed a drowned soul
  4006 | Sewer    | Noticed a drowned soul
  4006 | Sewer    | Noticed a drowned soul
  4007 | Sewer    | Noticed a drowned soul
  4009 | Sewer    | Noticed a drowned soul
  4539 | D:6      | Reached XP level 8. HP: 30/41 MP: 10/20
  4739 | D:6      | Found a glowing silver altar of Zin.
  5155 | D:6      | Found an opulent altar of Gozag.
  5233 | D:6      | Reached skill level 10 in Conjurations
  5246 | D:6      | Found a staircase to the Ecumenical Temple.
  5257 | Temple   | Entered the Ecumenical Temple
  5399 | D:6      | Found a burning altar of Makhleb.
  5635 | D:7      | HP: 2/41 [poisoned by a gnoll sergeant]
  5640 | D:7      | HP: 1/61 [poisoned by a gnoll sergeant]
  5642 | D:7      | Succumbed to a gnoll sergeant's poison

Action                   |  1- 3 |  4- 6 |  7- 9 || total
-------------------------+-------+-------+-------++-------
Melee: Dagger            |    19 |    42 |    87 ||   148
 Cast: Magic Dart        |    58 |    65 |    75 ||   198
       Iskenderun's Myst |       |    13 |    35 ||    48
       Iskenderun's Batt |       |       |     1 ||     1
  Use: Scroll            |       |     9 |     4 ||    13
       Potion            |       |     2 |     5 ||     7
 Stab: Sleeping          |       |     3 |     2 ||     5
  Eat: Chunk             |       |     7 |     5 ||    12
       Fruit             |       |     2 |       ||     2
       Royal jelly       |       |       |     3 ||     3
       Bread ration      |       |       |     1 ||     1
